 Dungeon Crawl Stone Soup version 0.31-a0-557-g6e16503903 (console) character file.

Game seed: 4835296803286760267

87955 jejorda2 the Cleaver (level 15, -13/122 HPs)
             Began as a Gnoll Berserker on Aug 16, 2023.
             Was an Elder of Trog.
             Mangled by an ettin
             ... wielding a +1 dire flail of protection
              (17 damage)
             ... on level 15 of the Dungeon.
             The game lasted 01:09:28 (20538 turns).

jejorda2 the Cleaver (Gnoll Berserker)             Turns: 20538, Time: 01:09:29

Health: -13/122    AC: 29    Str: 22    XL:     15   Next: 92%
Magic:  29/29      EV: 14    Int:  8    God:    Trog [****..]
Gold:   578        SH:  5    Dex: 17    Spells: 35/35 levels left

rFire   + . .        a - +4 battleaxe (freeze)
rCold   + . .        (shield currently unavailable)
rNeg    . . .        q - +8 chain mail of Xipiy {Rampage rElec Will+ Slay+3}
rPois   +            A - +0 helmet
rElec   +            V - +0 cloak
rCorr   .            y - +1 pair of gloves
SInv    .            w - +2 pair of boots
Will    ++...        C - amulet of reflection
Stlth   ++           F - ring "Herov" {rF+ rC+ Dex+5}
HPRegen 0.40/turn    U - ring of poison resistance
MPRegen 0.21/turn

%: reflection, rampage
@: on berserk cooldown, slowed, studying Axes, very slow
A: fangs 1, strong nose, distributed training
a: Renounce Religion, Berserk, Trog's Hand, Brothers in Arms


You were on level 15 of the Dungeon.
You worshipped Trog.
Trog was greatly pleased with you.
You visited 2 branches of the dungeon, and saw 20 of its levels.
You visited the Abyss 1 time.
You also visited: Sewer, Ossuary, Bailey and Volcano.

You collected 1740 gold pieces.
You spent 1162 gold pieces at shops.

Inventory:

Hand Weapons
 a - a +4 battleaxe of freezing (weapon)
 b - a +0 battleaxe of flaming
Missiles
 n - 34 poisoned darts (quivered)
 o - 8 javelins
 s - 4 silver javelins
 B - a curare-tipped dart
 H - 4 throwing nets
 P - 10 boomerangs
Armour
 q - the +8 chain mail of Xipiy (worn) {Rampage rElec Will+ Slay+3}
   (You found it on level 3 of the Dungeon)

   Slay+3:    It affects your accuracy & damage with ranged weapons and melee
   (+3).
   rElec:     It insulates you from electricity.
   Will+:     It increases your willpower.
   Rampage:   It bestows one free step when moving towards enemies.
 w - a +2 pair of boots (worn)
 y - a +1 pair of gloves (worn)
 A - a +0 helmet (worn)
 V - a +0 cloak (worn)
Jewellery
 e - a ring of protection from cold
 C - an amulet of reflection (around neck)
 F - the ring "Herov" (left hand) {rF+ rC+ Dex+5}
   (You bought it in a shop on level 8 of the Dungeon)

   [ring of protection from cold]

   Dex+5:     It affects your dexterity (+5).
   rF+:       It protects you from fire.
   rC+:       It protects you from cold.
 G - a ring of positive energy
 T - a +5 ring of evasion
 U - a ring of poison resistance (right hand)
Wands
 h - a wand of digging (10)
 j - a wand of roots (50)
 p - a wand of charming (10)
 t - a wand of polymorph (6)
 D - a wand of acid (11)
Scrolls
 c - 6 scrolls of teleportation
 i - 6 scrolls of poison
 u - 3 scrolls of immolation
 v - 8 scrolls of fog
 E - 2 scrolls of identify
 O - 6 scrolls of fear
 Q - a scroll of blinking
Potions
 d - 15 potions of curing
 f - 2 potions of might
 g - 8 potions of mutation
 k - 5 potions of attraction
 l - 3 potions of heal wounds
 m - 6 potions of haste
 r - a potion of cancellation
 z - a potion of resistance
 J - 5 potions of ambrosia
 K - 3 potions of invisibility
 L - 2 potions of enlightenment
Miscellaneous
 x - a sack of spiders


   Skills:
 + Level 12.4 Fighting
 + Level 10.6 Short Blades
 + Level 10.6 Long Blades
 + Level 14.6 Axes
 + Level 10.6 Maces & Flails
 + Level 10.6 Polearms
 + Level 10.6 Staves
 + Level 10.6 Ranged Weapons
 + Level 10.6 Throwing
 + Level 11.6 Armour
 + Level 11.6 Dodging
 + Level 10.6 Stealth
 + Level 10.6 Shields
 + Level 10.6 Unarmed Combat
 + Level 10.6 Spellcasting
 + Level 9.0 Conjurations
 + Level 9.0 Hexes
 + Level 9.0 Summonings
 + Level 9.0 Necromancy
 + Level 9.0 Translocations
 + Level 9.0 Transmutations
 + Level 9.0 Fire Magic
 + Level 9.0 Ice Magic
 + Level 9.0 Air Magic
 + Level 9.0 Earth Magic
 + Level 9.0 Poison Magic
 + Level 11.6 Invocations
 + Level 10.6 Evocations
 + Level 9.0 Shapeshifting


You had 35 spell levels left.
You didn't know any spells.
Your spell library was empty.

Dungeon Overview and Level Annotations

Branches:
Dungeon (15/15)            Temple (0/1) D:6            Lair (5/5) D:11
 Shoals (0/4) Lair:3        Snake (0/4) Lair:3        Slime (0/5) Lair:4
    Orc (0/2) D:11         Vaults (0/5) D:14          Sewer (visited)
Ossuary (visited)          Bailey (visited)         Volcano (visited)
 Depths: D:15

Altars:
Ashenzari
Dithmenos
Fedhas
Kikubaaqudgha
Makhleb
Okawaru
Qazlal
Ru
Sif Muna
Uskayaw
Vehumet
Jiyva

Shops:
D:5 *   D:6 [?:?:   D:8 !=

Portals:
Trove: D:12 (give horn of Geryon)

Annotations:
D:10 1 runed translucent door, wormstring's ghost, novice FeCK
D:11 3 runed translucent doors, Ofeo's ghost, journeyman DjWr


Innate Abilities, Weirdness & Mutations

You have very sharp teeth.
Your uncanny sense of smell can sniff out nearby items.
Your experience applies equally to all skills.


Message History

Your Conjurations skill increases to level 9!
Your Hexes skill increases to level 9!
Your Summonings skill increases to level 9!
Your Necromancy skill increases to level 9!
Your Translocations skill increases to level 9!
Your Transmutations skill increases to level 9!
Your Fire Magic skill increases to level 9!
Your Ice Magic skill increases to level 9!
Your Air Magic skill increases to level 9!
Your Earth Magic skill increases to level 9!
Your Poison Magic skill increases to level 9!
Your Shapeshifting skill increases to level 9!
Unknown command.
A raiju comes into view.
Your ogre hits the starcursed mass with a +0 giant club!!
The starcursed mass is destroyed!
Trog accepts your kill.
The starcursed mass shrieks in your mind.
* * * LOW HITPOINT WARNING * * *
The raiju bursts into living lightning!
The living lightning misses the raiju.
The living lightning hits your ogre!
Your ogre dies!
Your ogre's corpse disappears in a puff of smoke!
The living lightning hits you. You resist.
* * * LOW HITPOINT WARNING * * *
The raiju blinks!
There is a gateway leading out of the Abyss here.
Unknown command.
Unknown command.
Unknown command.
The starcursed mass shrieks in your mind.
* * * LOW HITPOINT WARNING * * *
The raiju bites you but does no damage.
The small abomination closely misses you.
A starcursed mass splits.
You pass through the gate.
Welcome back to the Dungeon!
The deep elf pyromancer hits you but does no damage.
The ettin hits you with a +1 dire flail of protection!
You die...

..##........ ##.
#.##........ ...#
###.##........ #..
..#.##..#####. #...
p. #.##..# #. ..#.
#.##..# #.
####.####.##..# #.
#XeX#.........# .
#.x@C.#.......## .
#.hT#.#........##..
#.#.#..#............
..#...!.#............
...
#.#####.............
#. #.
#................ .
#. #............^...
.. #.........######
###########


You could see 2 starcursed masses, an ettin, a deep troll, a deep elf
pyromancer, a wizard, a raiju and a small abomination.

Vanquished Creatures
  A tentacled starspawn (Abyss:2)
  Kirke (D:12)
  An orc warlord (Bailey)
  A black draconian (Abyss:2)
  2 fire dragons
  Josephine (D:14)
  Fannar (D:10)
  An entropy weaver (shapeshifter) (D:14)
  6 hydras
  2 rakshasas (Abyss:2)
  6 vault guards (D:14)
  A centaur warrior (D:13)
  A spriggan skeleton (Abyss:2)
  3 catoblepae
  4 two-headed ogres
  2 boulder beetles
  A tengu warrior (D:13)
  10 death yaks (Lair:5)
  A deep troll shaman (Lair:5)
  A thrashing horror (Abyss:2)
  Nergalle (D:12)
  2 sun demons (Volcano)
  Amaemon (D:9)
  2 skysharks (Lair:5)
  An orc knight (Bailey)
  A deep elf pyromancer (D:12)
  A worldbinder (Abyss:2)
  9 cyclopes
  A salamander (Lair:3)
  8 black mambas
  Maurice (D:9)
  2 manticores (D:12)
  2 ugly things
  10 elephants
  A black mamba (shapeshifter) (D:11)
  A torpor snail (Lair:3)
  5 smoke demons
  3 gargoyles
  5 large abominations (Abyss:2)
  An orange demon (D:9)
  8 cane toads
  2 rime drakes
  An efreet (D:14)
  A tormentor (Abyss:2)
  10 komodo dragons
  2 ancient zymes (Abyss:2)
  A troll (D:13)
  4 polar bears
  A hornet (D:10)
  A wolf spider simulacrum (D:15)
  11 blink frogs
  6 raiju (Abyss:2)
  Prince Ribbit (D:8)
  5 dream sheep (Lair:5)
  A shadow (D:12)
  6 wraiths
  A ynoxinul (Abyss:2)
  5 wyverns
  2 hogs (D:12)
  53 yaks
  5 humans (D:14)
  5 basilisks
  8 steam dragons
  7 vampire mosquitoes
  Edmund (D:5)
  18 water moccasins
  A hell hound (Volcano)
  An acid dragon (D:8)
  An ice beast (D:4)
  A black bear (D:7)
  20 orc warriors
  A sky beast (D:7)
  10 wolves (Lair:5)
  An ogre (D:6)
  5 small abominations (Abyss:2)
  11 centaurs
  A phantom (D:4)
  6 kobold brigands
  Blork the orc (D:4)
  10 bullfrogs
  An elf zombie (Ossuary)
  4 gnoll sergeants
  A scorpion (D:4)
  17 wights
  3 killer bees (D:7)
  2 howler monkeys (D:7)
  3 lava snakes (Lair:3)
  3 human zombies (Ossuary)
  15 jellies
  A hound (D:5)
  A gnoll bouda (D:7)
  7 orc priests
  Ijyb (D:5)
  9 orc wizards
  4 iguanas
  2 hound zombies (Ossuary)
  4 mummies (Ossuary)
  20 adders
  28 gnolls
  4 river rats
  A shadow imp (D:7)
  3 white imps
  2 ufetubi
  5 worms
  2 dart slugs
  39 orcs
  4 endoplasms
  8 giant cockroaches
  A gnoll zombie (Ossuary)
  22 goblins
  11 hobgoblins
  2 jackals (D:1)
  2 quokkas
  10 ball pythons
  4 bats
  2 frilled lizards (D:2)
  2 goblin zombies (Ossuary)
  A hobgoblin zombie (Ossuary)
  A jackal zombie (Ossuary)
  33 kobolds
  A kobold zombie (Ossuary)
  13 rats
  A starspawn tentacle (Abyss:2)
641 creatures vanquished.

Vanquished Creatures (collateral kills)
  Gastronok (D:9)
  A sun demon (Volcano)
  2 starcursed masses (Abyss:2)
  Psyche (D:9)
  A steam dragon (D:9)
  An orc warrior (D:11)
  6 wights (D:9)
  A gnoll (D:11)
14 creatures vanquished.

Vanquished Creatures (others)
  2 humans
  A gnoll (D:8)
  A starspawn tentacle (Abyss:2)
4 creatures vanquished.

Grand Total: 659 creatures vanquished

Notes
Turn   | Place    | Note
-------+----------+-------------------------------------------
     0 | D:1      | jejorda2 the Gnoll Berserker began the quest for the Orb.
     0 | D:1      | Reached XP level 1. HP: 23/23 MP: 1/1
   129 | D:1      | Reached XP level 2. HP: 29/29 MP: 2/2
   402 | D:1      | Reached ** piety under Trog
   451 | D:1      | Reached XP level 3. HP: 35/35 MP: 3/3
   833 | D:2      | Reached skill level 1 in Invocations
  1166 | D:2      | Reached skill level 1 in Short Blades
  1166 | D:2      | Reached skill level 1 in Long Blades
  1166 | D:2      | Reached skill level 1 in Maces & Flails
  1166 | D:2      | Reached skill level 1 in Polearms
  1166 | D:2      | Reached skill level 1 in Staves
  1166 | D:2      | Reached skill level 1 in Ranged Weapons
  1166 | D:2      | Reached skill level 1 in Throwing
  1166 | D:2      | Reached skill level 1 in Stealth
  1166 | D:2      | Reached skill level 1 in Shields
  1166 | D:2      | Reached skill level 1 in Unarmed Combat
  1166 | D:2      | Reached skill level 1 in Spellcasting
  1166 | D:2      | Reached skill level 1 in Evocations
  1172 | D:2      | Reached XP level 4. HP: 41/41 MP: 5/5
  1472 | D:3      | Identified the +8 chain mail of Xipiy {Rampage rElec Will+
                  | Slay+3}
  1519 | D:3      | Reached skill level 1 in Conjurations
  1519 | D:3      | Reached skill level 1 in Hexes
  1519 | D:3      | Reached skill level 1 in Summonings
  1519 | D:3      | Reached skill level 1 in Necromancy
  1519 | D:3      | Reached skill level 1 in Translocations
  1519 | D:3      | Reached skill level 1 in Transmutations
  1519 | D:3      | Reached skill level 1 in Fire Magic
  1519 | D:3      | Reached skill level 1 in Ice Magic
  1519 | D:3      | Reached skill level 1 in Air Magic
  1519 | D:3      | Reached skill level 1 in Earth Magic
  1519 | D:3      | Reached skill level 1 in Poison Magic
  1519 | D:3      | Reached skill level 1 in Shapeshifting
  1762 | D:3      | Reached XP level 5. HP: 33/47 MP: 5/7
  1772 | D:3      | Found a glowing drain.
  1779 | Sewer    | Entered a sewer
  1910 | Sewer    | Reached *** piety under Trog
  2150 | Sewer    | Noticed a kobold brigand
  2165 | Sewer    | Killed a kobold brigand
  2166 | Sewer    | Reached skill level 5 in Armour
  2166 | Sewer    | Reached skill level 5 in Dodging
  2166 | Sewer    | Reached XP level 6. HP: 19/53 MP: 7/9
  2530 | D:3      | Noticed a +0 hand axe
  2533 | D:3      | Noticed a +0 dagger
  2545 | D:3      | Found a hide-covered altar of Uskayaw.
  2698 | D:3      | Found a faded altar of an unknown god.
  3030 | D:4      | Found a radiant altar of Vehumet.
  3031 | D:4      | Noticed an ice beast
  3049 | D:4      | Killed an ice beast
  3136 | D:4      | Reached XP level 7. HP: 50/59 MP: 10/10
  3183 | D:4      | Noticed Blork the orc
  3207 | D:4      | Killed Blork the orc
  3208 | D:4      | Reached skill level 7 in Axes
  3772 | D:5      | Entered Level 5 of the Dungeon
  3772 | D:5      | Found a sand-covered staircase.
  3782 | Ossuary  | Entered an ossuary
  3844 | Ossuary  | Reached XP level 8. HP: 67/67 MP: 12/12
  4034 | D:5      | Noticed Edmund
  4042 | D:5      | Killed Edmund
  4111 | D:5      | Found Fydoej Ajid's Serpentskin Sales.
  4117 | D:5      | Reached **** piety under Trog
  4296 | D:5      | Noticed Ijyb
  4308 | D:5      | Killed Ijyb
  4491 | D:5      | Found a sacrificial altar of Ru.
  4779 | D:5      | Noticed a two-headed ogre
  4787 | D:5      | Killed a two-headed ogre
  4788 | D:5      | Reached XP level 9. HP: 74/74 MP: 13/15
  5016 | D:6      | Found Ydilafih's Armour Emporium.
  5027 | D:6      | Reached skill level 8 in Axes
  5044 | D:6      | Bought a +2 buckler for 231 gold pieces
  5127 | D:6      | Found Xinomas's Magic Scroll Emporium.
  5162 | D:6      | Bought a scroll of revelation for 97 gold pieces
  5191 | D:6      | Reached skill level 5 in Invocations
  5293 | D:6      | Found Pagaow's Book Shoppe.
  5367 | D:6      | Found Nan Ata's Magic Scroll Shop.
  5438 | D:6      | Found Torphiythre's Book Shoppe.
  5541 | D:6      | Found an ancient bone altar of Kikubaaqudgha.
  5620 | D:6      | Found a staircase to the Ecumenical Temple.
  5671 | D:7      | Reached XP level 10. HP: 74/80 MP: 17/17
  5716 | D:7      | Reached skill level 5 in Short Blades
  5716 | D:7      | Reached skill level 5 in Long Blades
  5716 | D:7      | Reached skill level 5 in Maces & Flails
  5716 | D:7      | Reached skill level 5 in Polearms
  5716 | D:7      | Reached skill level 5 in Staves
  5716 | D:7      | Reached skill level 5 in Ranged Weapons
  5716 | D:7      | Reached skill level 5 in Throwing
  5716 | D:7      | Reached skill level 5 in Stealth
  5716 | D:7      | Reached skill level 5 in Shields
  5716 | D:7      | Reached skill level 5 in Unarmed Combat
  5716 | D:7      | Reached skill level 5 in Spellcasting
  5716 | D:7      | Reached skill level 5 in Evocations
  5906 | D:7      | Reached ***** piety under Trog
  6549 | D:8      | Found Cimuxker's Jewellery Shop.
  6781 | D:8      | Found Wioqesel's Distillery.
  7116 | D:8      | Noticed Prince Ribbit
  7126 | D:8      | Killed Prince Ribbit
  7650 | D:9      | Noticed Maurice
  7668 | D:9      | Killed Maurice
  7687 | D:9      | Noticed Psyche
  7687 | D:9      | Noticed Gastronok
  7692 | D:9      | Killed Psyche
  7693 | D:9      | Reached XP level 11. HP: 87/87 MP: 19/19
  7695 | D:9      | Reached skill level 9 in Axes
  7703 | D:9      | Killed Gastronok
  7704 | D:9      | Reached skill level 5 in Conjurations
  7704 | D:9      | Reached skill level 5 in Hexes
  7704 | D:9      | Reached skill level 5 in Summonings
  7704 | D:9      | Reached skill level 5 in Necromancy
  7704 | D:9      | Reached skill level 5 in Translocations
  7704 | D:9      | Reached skill level 5 in Transmutations
  7704 | D:9      | Reached skill level 5 in Fire Magic
  7704 | D:9      | Reached skill level 5 in Ice Magic
  7704 | D:9      | Reached skill level 5 in Air Magic
  7704 | D:9      | Reached skill level 5 in Earth Magic
  7704 | D:9      | Reached skill level 5 in Poison Magic
  7704 | D:9      | Reached skill level 5 in Shapeshifting
  7728 | D:9      | Noticed Amaemon
  7749 | D:9      | Killed Amaemon
  7796 | D:9      | Found a flagged portal.
  7808 | Bailey   | Entered a bailey
  7938 | Bailey   | Noticed an orc knight
  7957 | Bailey   | Received a gift from Trog
  7961 | Bailey   | Killed an orc knight
  8245 | Bailey   | Noticed an orc warlord
  8264 | Bailey   | Killed an orc warlord
  8285 | Bailey   | Identified the +1 mace of Painful Death {heavy, rC+}
  8345 | D:9      | Acquired a +6 war axe of electrocution
  8357 | D:9      | Acquired a manual of Axes
  8535 | D:8      | Bought a ring of poison resistance for 240 gold pieces
  8681 | D:9      | Found a burning altar of Makhleb.
  8787 | D:9      | Found a stormy altar of Qazlal.
  8789 | D:9      | Found a shadowy altar of Dithmenos.
  8793 | D:9      | Found a broken altar of Ashenzari.
  8795 | D:9      | Found an iron altar of Okawaru.
  8797 | D:9      | Found a blossoming altar of Fedhas.
  8910 | D:10     | Entered Level 10 of the Dungeon
  8981 | D:10     | Noticed a two-headed ogre
  8989 | D:10     | Killed a two-headed ogre
  9007 | D:10     | Reached XP level 12. HP: 81/97 MP: 22/22
  9140 | D:10     | Found a runed translucent door.
  9140 | D:10     | Noticed wormstring's ghost (novice FeCK)
  9199 | D:10     | Reached skill level 10 in Axes
  9370 | D:10     | Noticed Fannar
  9384 | D:10     | Killed Fannar
  9694 | D:11     | Found a runed translucent gate.
  9694 | D:11     | Found a runed translucent gate.
  9694 | D:11     | Found a runed translucent gate.
  9696 | D:11     | Noticed a hell knight
  9698 | D:11     | Noticed Ofeo's ghost (journeyman DjWr)
  9709 | D:11     | Noticed a centaur warrior
  9762 | D:11     | Noticed a boulder beetle
  9772 | D:11     | Killed a boulder beetle
  9933 | D:11     | Reached skill level 10 in Fighting
  9977 | D:11     | Found a staircase to the Lair.
  9992 | D:11     | Received a gift from Trog
  9992 | D:11     | Found the +5 Lochaber axe {reach-cleave, Poleaxe Drain}
 10115 | D:11     | Noticed a two-headed ogre
 10122 | D:11     | Killed a two-headed ogre
 10471 | D:11     | Found a staircase to the Orcish Mines.
 10573 | Lair:1   | Entered Level 1 of the Lair of Beasts
 10729 | Lair:1   | Reached skill level 11 in Axes
 10739 | Lair:1   | Reached XP level 13. HP: 104/104 MP: 24/24
 10835 | Lair:1   | Found a dark tunnel.
 10863 | Volcano  | Entered a volcano
 11115 | Volcano  | Noticed a fire dragon
 11126 | Volcano  | Killed a fire dragon
 12396 | Lair:2   | Reached skill level 12 in Axes
 12721 | D:8      | Bought the ring "Herov" {rF+ rC+ Dex+5} for 594 gold pieces
 13056 | Lair:3   | Found a staircase to the Snake Pit.
 13067 | Lair:3   | Reached skill level 10 in Armour
 13067 | Lair:3   | Reached skill level 10 in Dodging
 13402 | Lair:3   | Found a staircase to the Shoals.
 14168 | Lair:4   | Reached XP level 14. HP: 102/113 MP: 25/27
 14567 | Lair:4   | Found a viscous altar of Jiyva.
 14567 | Lair:4   | Found a staircase to the Slime Pits.
 14648 | Lair:4   | Reached skill level 10 in Invocations
 15002 | Lair:5   | Entered Level 5 of the Lair of Beasts
 15133 | Lair:5   | Reached skill level 13 in Axes
 16428 | D:12     | Noticed Nergalle
 16450 | D:12     | Killed Nergalle
 16450 | D:12     | Received a gift from Trog
 16508 | D:12     | Noticed Kirke
 16524 | D:12     | Killed Kirke
 16566 | D:12     | Found a shimmering blue altar of Sif Muna.
 16615 | D:12     | Reached XP level 15. HP: 116/120 MP: 28/28
 17461 | D:12     | Reached skill level 10 in Short Blades
 17461 | D:12     | Reached skill level 10 in Long Blades
 17461 | D:12     | Reached skill level 10 in Maces & Flails
 17461 | D:12     | Reached skill level 10 in Polearms
 17461 | D:12     | Reached skill level 10 in Staves
 17461 | D:12     | Reached skill level 10 in Ranged Weapons
 17461 | D:12     | Reached skill level 10 in Throwing
 17461 | D:12     | Reached skill level 10 in Stealth
 17461 | D:12     | Reached skill level 10 in Shields
 17461 | D:12     | Reached skill level 10 in Unarmed Combat
 17461 | D:12     | Reached skill level 10 in Spellcasting
 17461 | D:12     | Reached skill level 10 in Evocations
 17551 | D:12     | Found a portal to a secret trove of treasure.
 18258 | D:13     | You fall into a shaft and drop 1 floor!
 18712 | D:14     | Reached skill level 14 in Axes
 18712 | D:14     | Noticed Josephine
 18724 | D:14     | Killed Josephine
 19504 | D:14     | Found a gate to the Vaults.
 19726 | D:15     | Entered Level 15 of the Dungeon
 20008 | Abyss:2  | Cast into level 2 of the Abyss (a wizard)
 20023 | Abyss:2  | Found a snail-covered altar of Cheibriados.
 20031 | Abyss:2  | Found a corrupted altar of Lugonu.
 20207 | Abyss:2  | Found a corrupted altar of Lugonu.
 20522 | Abyss:2  | Noticed a tentacled starspawn
 20529 | Abyss:2  | Killed a tentacled starspawn
 20535 | Abyss:2  | Found a blossoming altar of Fedhas.
 20537 | Abyss:2  | HP: 3/122 [starcursed mass/accursed screaming (8)]
 20538 | D:15     | Escaped the Abyss
 20538 | D:15     | Mangled by an ettin

Illustrated notes

Levels and vault maps discovered:
D:1:      ebering_trefoil_twist, layout_basic, minmay_misc_feat_pillars
D:2:      layout_basic
D:3:      layout_basic, dancing_weapons_uskayaw, lightli_sewer_entry_pipes,
          hellmonk_ecumenical_altar_crossroads,
          minmay_fractal_squares_diagonal_5
D:4:      layout_basic, nicolae_vehumet_radiance, minmay_close_crescents,
          uniq_blork_the_orc
D:5:      kennysheep_big_flooded_room, layout_basic,
          mainiacjoe_overflow_surrounded_room, nicolae_ossuary_entry_monument,
          guppyfry_shop_venom, uniq_ijyb, uniq_edmund
D:6:      layout_rooms, mainiacjoe_overflow_alcove_4,
          minmay_temple_entry_enclosed_plants, serial_shops, shop, shop, shop,
          nicolae_stop_n_shop_1, nicolae_shop_tiny_statue_garden
D:7:      layout_cave_pools
D:8:      layout_layer_cave, serial_shops, nicolae_shop_window_shopping,
          nicolae_shop_gibbet_a_chance, minmay_misc_feat_chi,
          lemuel_flamethrower_2, uniq_prince_ribbit1
D:9:      layout_cave_pools, minitemple, lightli_temple_of_fire, enter_bailey_3,
          uniq_psyche, uniq_amaemon, uniq_gastronok, uniq_maurice
D:10:     layout_rooms, hellmonk_ghost_big_iron, uniq_fannar
D:11:     layout_irregular_city, lair_entry_dummy, erik_orc_2,
          gammafunk_ghost_split
D:12:     layout_basic, trove_entry_hex_spiral, nicolae_sif_muna_little_library,
          uniq_nergalle, uniq_kirke
D:13:     layout_loops_corners
D:14:     layout_loops_cross, ximxim_vaults_locker_room,
          nicolae_concentric_dashed_squares_wild, uniq_josephine
D:15:     hangedman_depths_entry_civil_slaughter, layout_rooms,
          serial_bayou_pond_e, uniq_rupert
Lair:1:   layout_chaotic_city, nicolae_volcano_entry_hallway,
          serial_bayou_pond_e, lemuel_fruit_tree
Lair:2:   layout_chaotic_city
Lair:3:   statuecave_lemuel, layout_regular_city, elwin_shoals_entry_rooms,
          nicolae_snake_entry_warm_welcome, serial_bayou_pond_c,
          grunt_megastairs_4
Lair:4:   layout_roguey, minmay_slime_entry_jelly_boxes, serial_bayou_shore_a
Lair:5:   grunt_lair_end_beastmaster, layout_hall_layers, grunt_megastairs_1

Skill      XL: |  1  2  3  4  5  6  7  8  9 10 11 12 13 14 15 |
---------------+----------------------------------------------+-----
Invocations    | 1 2 3 4 5 6 7 8 9 10 11 | 11.6
Short Blades   | 1 2 4 5 6 7 9 10 | 10.6
Long Blades    | 1 2 4 5 6 7 9 10 | 10.6
Maces & Flails | 1 2 4 5 6 7 9 10 | 10.6
Polearms       | 1 2 4 5 6 7 9 10 | 10.6
Staves         | 1 2 4 5 6 7 9 10 | 10.6
Ranged Weapons | 1 2 4 5 6 7 9 10 | 10.6
Throwing       | 1 2 4 5 6 7 9 10 | 10.6
Stealth        | 1 2 4 5 6 7 9 10 | 10.6
Shields        | 1 2 4 5 6 7 9 10 | 10.6
Unarmed Combat | 1 2 4 5 6 7 9 10 | 10.6
Spellcasting   | 1 2 4 5 6 7 9 10 | 10.6
Evocations     | 1 2 4 5 6 7 9 10 | 10.6
Conjurations   | 1 2 3 4 5 6 7 8 9 |  9.0
Hexes          | 1 2 3 4 5 6 7 8 9 |  9.0
Summonings     | 1 2 3 4 5 6 7 8 9 |  9.0
Necromancy     | 1 2 3 4 5 6 7 8 9 |  9.0
Translocations | 1 2 3 4 5 6 7 8 9 |  9.0
Transmutations | 1 2 3 4 5 6 7 8 9 |  9.0
Fire Magic     | 1 2 3 4 5 6 7 8 9 |  9.0
Ice Magic      | 1 2 3 4 5 6 7 8 9 |  9.0
Air Magic      | 1 2 3 4 5 6 7 8 9 |  9.0
Earth Magic    | 1 2 3 4 5 6 7 8 9 |  9.0
Poison Magic   | 1 2 3 4 5 6 7 8 9 |  9.0
Shapeshifting  | 1 2 3 4 5 6 7 8 9 |  9.0
Armour         | 5 6 7 8 9 10 11 | 11.6
Dodging        | 5 6 7 8 9 10 11 | 11.6
Fighting       | 7 8 9 10 11 12 | 12.4
Axes           | 7 8 9 11 12 13 14 | 14.6

Action                     |  1- 3 |  4- 6 |  7- 9 | 10-12 | 13-15 || total
---------------------------+-------+-------+-------+-------+-------++-------
  Melee: Hand axe          |   117 |   194 |   262 |   321 |       ||   894
         Bite              |     8 |    20 |    36 |    77 |   124 ||   265
         Punch             |       |     6 |     4 |       |       ||    10
         War axe           |       |       |       |   247 |    92 ||   339
         Demon whip        |       |       |       |     8 |       ||     8
         Battleaxe         |       |       |       |       |   783 ||   783
  Throw: Dart              |       |       |       |     4 |    29 ||    33
         Boomerang         |       |       |       |     3 |       ||     3
 Invoke: Berserk           |       |     1 |     6 |     5 |    16 ||    28
         Trog's Hand       |       |       |     1 |     3 |    15 ||    19
         Brothers in Arms  |       |       |       |     2 |     3 ||     5
  Evoke: Wand              |       |       |       |     7 |     1 ||     8
    Use: Scroll            |       |     6 |    11 |    16 |     4 ||    37
         Potion            |       |       |       |       |     1 ||     1
   Stab: Sleeping          |     3 |       |       |       |     2 ||     5
 Armour: Animal skin       |    18 |       |       |       |       ||    18
         Chain mail        |       |    91 |   136 |   184 |   445 ||   856
         Leather armour    |       |     6 |       |       |       ||     6
  Dodge: Dodged            |    82 |   101 |    80 |   174 |   547 ||   984
  Block: Buckler           |       |       |    21 |   126 |       ||   147
         Reflection        |       |       |       |    22 |     4 ||    26
         Kite shield       |       |       |       |   174 |    83 ||   257
         Other             |       |       |       |       |   174 ||   174

Table legend: (Time is in decaauts)
 A = Elapsed time spent in this place.
 B = Non-inter-level travel time spent in this place.
 C = Inter-level travel time spent in this place.
 D = Time resting spent in this place.
 E = Time spent auto-exploring this place.
 F = Levels seen in this place.
 G = Mean time per level.
                   A        B        C        D        E       F      G
               +--------+--------+--------+--------+--------+-----+--------+
         Total |  20901 |  19326 |   1575 |   1474 |  12953 |  25 |  836.0 |
       Dungeon |  13275 |  12031 |   1244 |    709 |   8653 |  15 |  885.0 |
          Lair |   5378 |   5047 |    331 |    279 |   3642 |   5 | 1075.6 |
         Abyss |    546 |    546 |      0 |    142 |     42 |   1 |  546.0 |
         Sewer |    596 |    596 |      0 |      0 |    356 |   1 |  596.0 |
       Ossuary |    201 |    201 |      0 |     33 |     68 |   1 |  201.0 |
        Bailey |    517 |    517 |      0 |    158 |    137 |   1 |  517.0 |
       Volcano |    385 |    385 |      0 |    150 |     53 |   1 |  385.0 |
               +--------+--------+--------+--------+--------+-----+--------+

Top non-repeatable levels by time:
     D:8: 1452 daAuts
  Lair:4: 1432 daAuts
     D:3: 1194 daAuts
  Lair:3: 1085 daAuts
    D:11: 1066 daAuts
     D:5: 1065 daAuts
    D:14: 1053 daAuts
  Lair:5: 1050 daAuts
    D:13: 1045 daAuts
  Lair:2: 927 daAuts
  Lair:1: 883 daAuts
    D:10: 825 daAuts
    D:12: 810 daAuts
     D:1: 808 daAuts
     D:4: 806 daAuts
